Map: New Repugnancy LE

Players

PtitDrogo

  • Race: Protoss Protoss
  • League: Grandmaster
  • Spawn Location: 7:00

Reynor - Winner!

  • Race: Zerg Zerg
  • League: Master
  • Spawn Location: 1:00

Event: 2019 WCS Winter Europe

VOD

Have the link to the VOD?

Description

Time

  • Played on: Feb. 14, 2019, 9:11 a.m.
  • Length: 10:19

All games in this series

Show
View Real Time Build Order
Export as new Build Order

PtitDrogo Protoss 

Build Orders: 1 Gate Expand, Oracle Opening, Archon Immortal, Archon Drop 

Get SALT Encoding   

  12  0:00  Probe  
  13  0:13  Probe  
  14  0:20  Pylon  
  14  0:25  Probe  
  15  0:34  Probe  
  15  0:42  Probe  
  16  0:43  Gateway  
  16  0:48  Assimilator  
  17  0:52  Probe  
  18  1:04  Probe  
  19  1:16  Probe  
  20  1:25  Nexus  
  20  1:35  Cybernetics Core  
  20  1:39  Probe  
  21  1:46  Assimilator  
  21  1:51  Probe  
  21  1:53  Pylon  
  22  2:01  Adept  
  22  2:03  Probe  
  26  2:15  Probe  
  26  2:16  Stargate  
  26  2:26  Probe  
  26  2:27  Warp Gate  
  27  2:33  Probe  
  27  2:35  Stalker, Probe  
  29  2:41  Probe  
  29  2:43  Probe  
  33  2:51  Probe  
  33  2:54  Probe  
  33  2:55  Oracle  
  35  3:03  Probe  
  39  3:06  Probe  
  39  3:11  Pylon  
  40  3:15  Probe  
  40  3:18  Probe  
  40  3:19  Assimilator  
  42  3:22  Assimilator  
  42  3:26  Robotics Facility  
  42  3:28  Probe  
  42  3:30  Probe  
  44  3:37  Gateway  
  44  3:40  Pylon  
  44  3:41  Probe  
  44  3:47  Probe  
  46  3:49  Twilight Council  
  46  3:53  Probe  
  47  3:59  Probe  
  48  4:05  Probe  
  48  4:06  Warp Prism  
  48  4:07  Gateway  
  48  4:08  Gateway  
  49  4:11  Probe  
  52  4:19  Probe  
  52  4:21  Zealot  
  55  4:26  Templar Archives  
  55  4:33  Probe  
  55  4:36  Pylon  
  56  4:48  Probe  
  56  5:01  Gateway  
  56  5:02  Observer  
  56  5:03  Gateway  
  56  5:06  Forge  
  57  5:09  Nexus  
  57  5:11  Pylon  
  57  5:17  High Templar x2  
  57  5:18  High Templar x2  
  65  5:22  Pylon, Archon x2  
  65  5:23  Immortal  
  65  5:26  Probe x2  
  67  5:38  Probe x2  
  67  5:40  Gateway  
  69  5:50  Sentry x2  
  69  5:51  Zealot x2  
  69  5:54  Charge, Immortal, Protoss Ground Weapons Level 1  
  77  5:57  Probe  
  77  5:58  Probe  
  77  6:03  Cybernetics Core  
  79  6:09  Probe  
  85  6:18  Gateway  
  84  6:24  Probe  
  84  6:25  Probe, Gateway  
  86  6:26  Immortal, Probe  
  87  6:37  Probe  
  91  6:40  Zealot, Sentry x2  
  97  6:52  Zealot  
  99  6:55  Pylon x2  
  99  6:58  Pylon  
  99  7:02  Zealot  
  99  7:05  Pylon  
  99  7:07  Pylon  
  101  7:14  Zealot x2, High Templar x2  
  101  7:15  Zealot x2  
  113  7:18  Archon  
  113  7:19  Zealot  
  115  7:29  Zealot  
  117  7:32  Pylon  
  117  7:33  Protoss Ground Weapons Level 2  
  117  7:36  High Templar x2  
  121  7:37  Zealot x2  
  121  7:38  Probe x2  
  121  7:40  Archon  
  121  7:42  Zealot  
  129  7:46  Zealot x2  
  129  7:48  Pylon  
  133  8:02  Zealot  
  133  8:03  Zealot  
  133  8:04  Zealot x2  
  119  8:10  Zealot x6  
  119  8:11  Probe  
  112  8:14  Probe  
  103  8:23  Zealot x2  
  103  8:24  Immortal  
  82  8:41  High Templar x2  
  82  8:42  Zealot x3  
  82  8:43  Probe x2  
  82  8:44  Assimilator x2, Probe  
  93  8:50  Archon  
  93  8:54  Zealot x3  
  99  8:56  Gateway  
  99  9:01  Gateway  
  99  9:04  Dark Shrine  
  99  9:05  Zealot x3  
  99  9:20  Zealot x5  
  99  9:21  Probe  
  96  9:29  Nexus  
  96  9:31  Zealot x7  
  90  9:51  High Templar x4  
  90  9:52  High Templar x2  
  102  9:53  Zealot x2  
  102  9:58  Archon x3  
  72  10:14  Pylon  
Show
View Real Time Build Order
Export as new Build Order

Reynor Zerg - Winner!

Build Orders: Hatch First, Swarm Host 

Get SALT Encoding   

  12  0:00  Drone  
  13  0:13  Overlord  
  13  0:16  Drone  
  14  0:31  Drone x2  
  16  0:49  Hatchery  
  15  0:52  Drone  
  15  0:55  Drone  
  17  1:00  Drone  
  18  1:10  Extractor  
  17  1:15  Spawning Pool  
  17  1:18  Drone  
  17  1:22  Drone  
  18  1:29  Drone  
  19  1:39  Drone  
  20  1:50  Drone  
  21  2:02  Queen x2, Zergling x4  
  27  2:11  Overlord  
  27  2:13  Drone  
  28  2:16  Metabolic Boost  
  28  2:29  Drone x2  
  30  2:38  Hatchery  
  30  2:40  Drone  
  30  2:43  Drone  
  31  2:46  Drone  
  31  2:50  Overlord  
  32  3:00  Spore Crawler  
  32  3:05  Drone x3  
  35  3:07  Drone  
  35  3:12  Zergling x2  
  36  3:13  Queen  
  36  3:16  Overlord  
  36  3:17  Drone  
  36  3:19  Drone  
  40  3:22  Drone  
  40  3:23  Zergling x2  
  40  3:25  Drone  
  43  3:32  Overlord  
  43  3:35  Drone x2  
  43  3:40  Spore Crawler  
  44  3:42  Zergling x2  
  44  3:45  Drone  
  46  3:49  Drone  
  46  3:50  Drone x3  
  46  3:52  Overlord  
  50  3:57  Queen, Zergling x2  
  50  4:01  Drone  
  53  4:03  Drone  
  53  4:05  Spore Crawler  
  53  4:07  Drone  
  54  4:12  Zergling x2  
  54  4:14  Overlord  
  55  4:19  Drone x3  
  55  4:20  Lair  
  55  4:23  Drone  
  59  4:27  Drone  
  59  4:29  Extractor  
  59  4:30  Extractor, Roach Warren  
  59  4:31  Drone  
  58  4:32  Drone  
  58  4:35  Drone x2  
  61  4:40  Overlord  
  61  4:41  Drone x2  
  61  4:45  Zergling x2  
  63  4:49  Zergling x2, Drone  
  63  4:50  Drone  
  65  4:56  Zergling x4  
  66  5:10  Roach x7  
  66  5:12  Overlord  
  80  5:17  Drone  
  80  5:20  Extractor  
  80  5:21  Evolution Chamber  
  79  5:22  Roach  
  79  5:23  Overlord  
  79  5:25  Drone  
  79  5:26  Drone  
  79  5:27  Glial Reconstitution  
  82  5:29  Overlord  
  82  5:31  Drone x4  
  82  5:32  Drone x2  
  82  5:35  Roach  
  90  5:38  Overlord  
  90  5:47  Overlord  
  90  5:52  Roach x3  
  90  5:55  Roach  
  96  5:57  Roach x3  
  96  6:01  Overlord  
  96  6:03  Drone x4  
  96  6:04  Zerg Missile Weapons Level 1  
  103  6:05  Extractor  
  102  6:11  Roach  
  102  6:13  Overseer  
  102  6:14  Queen  
  102  6:17  Overlord  
  102  6:18  Queen  
  108  6:19  Drone  
  108  6:20  Extractor  
  108  6:22  Drone x4  
  108  6:24  Drone  
  108  6:25  Drone  
  114  6:26  Infestation Pit  
  114  6:28  Roach x2  
  114  6:30  Overlord  
  117  6:44  Drone  
  117  6:45  Roach x2  
  117  6:46  Roach x2  
  117  6:47  Drone  
  126  6:48  Hatchery  
  126  6:49  Drone x2  
  125  6:54  Overlord  
  125  7:02  Overlord  
  125  7:04  Overlord  
  125  7:11  Spore Crawler  
  124  7:18  Swarm Host x7  
  124  7:22  Swarm Host x3  
  145  7:26  Roach x2  
  145  7:28  Roach  
  154  7:30  Ravager x2  
  154  7:31  Roach  
  154  7:35  Roach x2  
  154  7:36  Spine Crawler  
  161  7:37  Ravager  
  161  7:40  Overlord  
  161  7:41  Overlord  
  163  7:44  Overlord  
  162  7:51  Overlord  
  159  8:01  Roach x9  
  165  8:07  Roach x4  
  163  8:12  Roach  
  163  8:16  Roach  
  152  8:20  Roach, Queen  
  152  8:22  Roach x3  
  152  8:26  Roach x2  
  138  8:36  Roach x2  
  138  8:37  Roach x2  
  145  8:42  Ravager  
  145  8:43  Ravager  
  145  8:44  Roach x2  
  151  8:52  Ravager  
  151  8:53  Ravager  
  153  8:58  Ravager  
  153  8:59  Roach  
  158  9:03  Roach  
  158  9:05  Hatchery  
  157  9:12  Roach  
  157  9:13  Roach x3  
  165  9:22  Roach  
  165  9:27  Roach  
  146  9:34  Roach x2  
  146  9:35  Ravager  
  146  9:36  Ravager  
  144  9:42  Drone x2  
  144  9:43  Drone  
  147  9:46  Ravager  
  147  9:47  Ravager  
  147  9:49  Zergling x2  
  147  9:52  Zergling x6  
  149  9:53  Drone  
  149  9:57  Hatchery  
  149  9:59  Zergling x2  
Tags
 
Add a new tag
Caveats
  • Supply blocks, unpowered buildings, or Contaminate may cause inaccurate times.
  • Supply counts are checked every 10 seconds.